 Dungeon Crawl Stone Soup version 0.29.0-4-gdea44cf6ec (webtiles) character file.

Game seed: 15913023624404583536

312 qw the Chopper (level 6, -4/39 HPs)
             Began as a Gargoyle Fighter on Sept 10, 2022.
             Killed by divine providence
             ... invoked by an orc priest
              (10 damage)
             ... on level 4 of the Dungeon.
             The game lasted 00:01:38 (4147 turns).

qw the Chopper (Gargoyle Fighter)                   Turns: 4147, Time: 00:01:38

Health: -4/39      AC: 13    Str: 21    XL:     6   Next: 42%
Magic:  6/6        EV: 13    Int:  9    God:
Gold:   179        SH:  0    Dex:  9    Spells: 5/5 levels left

rFire   . . .      SeeInvis .   Y - +1 war axe
rCold   . . .      Faith    .   c - +0 buckler
rNeg    + . .      Spirit   .   b - +0 scale mail
rPois   inf        Reflect  .   (no helmet)
rElec   +          Harm     .   h - +0 cloak
rCorr   .          Rampage  .   (no gloves)
Will    .....                   i - +0 pair of boots
Stlth   ..........              (no amulet)
HPRegen 0.13/turn               e - +4 ring of evasion
MPRegen 0.10/turn               (no ring)

@: confused
A: sickness immunity, AC +4, negative energy resistance 1, electricity
resistance, torment resistance 1, petrification resistance
a: no special abilities


You were on level 4 of the Dungeon.
You visited 1 branch of the dungeon, and saw 4 of its levels.

You collected 260 gold pieces.
You spent 81 gold pieces at shops.


Innate Abilities, Weirdness & Mutations

You are immune to sickness and miasma.
Your stone body is resilient. (AC +4)
You are immune to poison.
You resist negative energy. (rN+)
You are resistant to electric shocks. (rElec)
You are resistant to unholy torment.
You are immune to petrification.


   Skills:
 - Level 4.4 Fighting
 + Level 5.1 Axes
 - Level 0.5 Throwing
 - Level 3.2 Armour
 - Level 1.2 Dodging
 - Level 3.2 Shields


You had 5 spell levels left.
You didn't know any spells.
Your spell library was empty.

Inventory:

Hand Weapons
 a - a +0 flail
 Y - a +1 war axe (weapon)
Missiles
 f - a boomerang (quivered)
Armour
 b - a +0 scale mail (worn)
 c - a +0 buckler (worn)
 h - a +0 cloak (worn)
 i - a +0 pair of boots (worn)
Jewellery
 e - a +4 ring of evasion (left hand)
Scrolls
 g - 2 scrolls of fog
 l - a scroll of torment {unknown}
 o - 3 scrolls of identify
Potions
 d - 4 potions of might
 j - 2 potions of brilliance {unknown}
 k - a potion of mutation {unknown}
 p - a potion of attraction
 q - a potion of haste {unknown}

Dungeon Overview and Level Annotations

Branches:
Dungeon (4/15)
 Temple: D:4-7

Altars:
Fedhas
Kikubaaqudgha
Sif Muna

Shops:
D:2 *([**   D:4 (


Message History

4122 ||| FLEEEEING.
4123 ||| FLEEEEING.
4124 ||| FLEEEEING.
4125 ||| FLEEEEING.
4126 ||| FLEEEEING.
4127 ||| FLEEEEING.
4128 ||| FLEEEEING.
4129 ||| FLEEEEING.
4130 ||| FLEEEEING.
4131 ||| FLEEEEING.
4132 ||| FLEEEEING.
4133 ||| FLEEEEING.
4134 ||| FLEEEEING.
4135 ||| FLEEEEING.
4136 ||| FLEEEEING.
4137 ||| FLEEEEING.
4138 ||| FLEEEEING.
Something tries to affect you, but you resist.
4139 ||| FLEEEEING.
An orc wizard appears from thin air!
Reactivating autopickup.
4140 ||| FLEEEEING.
4141 ||| FLEEEEING.
The orc wizard points at you and mumbles some strange words.
You are confused.
The orc barely misses you.
You bump into the rock wall.
The orc barely misses you.
The orc priest mumbles some strange prayers to Beogh against you.
Beogh smites you! The orc closely misses you.
The orc wizard gestures at you while chanting.
You are more confused.
The orc attacks as you move away! The orc barely misses you.
You're too confused to move!
The orc hits you but does no damage. The orc barely misses you.
The orc priest calls down the wrath of Beogh upon you.
Beogh smites you!
You die...

P#....'..#....'.......#..........
##....#..'....#.......##..######.
#...###..#....#..##...######..##.
#...###..#....#..##...##.........
.........#....+........#.........
.........#....#........#.........
#...###..#....##+###########..###
#...###..#......o.oo......##..##.
.........#......@.........#......
.........#................'......
###..#####................#####..
###..#......#######'#####.....#..
.....#......'...........#.....#..
.....+......#...........#.....#..
.##..#......#..##########.....###
.##..#......#..##...##..####.....
.....#......#.......#......#.....


You could see an orc priest, an orc wizard and an orc.

Vanquished Creatures
  A kobold brigand (D:4)
  An orc priest (D:3)
  An iguana (D:4)
  An orc wizard (D:4)
  6 adders
  A worm (D:3)
  3 dart slugs
  8 orcs
  8 bats
  5 endoplasms
  2 giant cockroaches
  8 goblins
  5 hobgoblins
  16 jackals
  7 kobolds
  2 quokkas
  4 ball pythons
  3 frilled lizards
  4 rats
86 creatures vanquished.

Vanquished Creatures (others)
  A plant (D:4)
1 creature vanquished.

Grand Total: 87 creatures vanquished

Notes
Turn   | Place    | Note
-------+----------+-------------------------------------------
     0 | D:1      | qw the Gargoyle Fighter began the quest for the Orb.
     0 | D:1      | Reached XP level 1. HP: 14/14 MP: 1/1
     0 | D:1      | 0 ||| qw: Version: 0.1-a-116-g5d60599
     0 | D:1      | 0 ||| qw: Game counter: 7644
     0 | D:1      | 0 ||| qw: Always use a shield: true
     0 | D:1      | 0 ||| qw: God list: Okawaru
     0 | D:1      | 0 ||| qw: Allow faded altars: false
     0 | D:1      | 0 ||| qw: Do Orc after D:15 true
     0 | D:1      | 0 ||| qw: Do second Lair branch before Depths: true
     0 | D:1      | 0 ||| qw: Lair rune preference: random
     0 | D:1      | 0 ||| qw: Plans: Normal, Zot, God:TSO, Crypt, Tomb, Zig,
                  | Orb
     0 | D:1      | 0 ||| PLANNING D:1-11
    20 | D:1      | 20 ||| Stepping ~*~*~tactically~*~*~ (hiding).
    29 | D:1      | Reached skill level 2 in Axes
   178 | D:1      | Reached XP level 2. HP: 19/19 MP: 2/2
   184 | D:1      | 184 ||| Stepping ~*~*~tactically~*~*~ (stealth).
   348 | D:1      | 348 ||| Stepping ~*~*~tactically~*~*~ (stealth).
   349 | D:1      | 349 ||| Stepping ~*~*~tactically~*~*~ (stealth).
   407 | D:1      | 407 ||| Stepping ~*~*~tactically~*~*~ (stealth).
   414 | D:1      | Reached skill level 3 in Axes
   421 | D:1      | Reached XP level 3. HP: 17/23 MP: 3/3
   652 | D:1      | 652 ||| DROPPING +0 club.
   812 | D:1      | 812 ||| Stepping ~*~*~tactically~*~*~ (stealth).
   813 | D:1      | 813 ||| Stepping ~*~*~tactically~*~*~ (stealth).
  1098 | D:1      | 1098 ||| Stepping ~*~*~tactically~*~*~ (stealth).
  1435 | D:1      | 1435 ||| UPGRADING to +0 cloak.
  1440 | D:1      | 1440 ||| READING scroll labelled KOEQETT XUXO.
  1441 | D:1      | 1441 ||| READING scroll labelled ITOTHR MOAXT.
  1478 | D:2      | 1478 ||| Stepping ~*~*~tactically~*~*~ (stealth).
  1479 | D:2      | 1479 ||| Stepping ~*~*~tactically~*~*~ (stealth).
  1485 | D:2      | 1485 ||| Stepping ~*~*~tactically~*~*~ (stealth).
  1488 | D:2      | 1488 ||| Stepping ~*~*~tactically~*~*~ (stealth).
  1616 | D:2      | Found Yrige's Assorted Antiques.
  1634 | D:2      | 1634 ||| BUYING lumpy inky potion (25 gold).
  1634 | D:2      | Bought a lumpy inky potion for 25 gold pieces
  1634 | D:2      | 1634 ||| BUYING scroll labelled LAORUL HEDUT (28 gold).
  1634 | D:2      | Bought a scroll labelled LAORUL HEDUT for 28 gold pieces
  1634 | D:2      | 1634 ||| SHOPLISTING scroll labelled XIVEEMACWO (28 gold,
                  | have 26).
  1685 | D:2      | Reached XP level 4. HP: 28/28 MP: 4/4
  1709 | D:2      | Reached skill level 4 in Axes
  1723 | D:2      | Found a faded altar of an unknown god.
  1779 | D:2      | Found Lemuil Syg's General Store.
  1786 | D:2      | 1786 ||| SHOPLISTING potion of heal wounds (70 gold, have
                  | 44).
  1786 | D:2      | 1786 ||| SHOPLISTING scroll of enchant weapon (105 gold,
                  | have 44).
  1786 | D:2      | 1786 ||| BUYING scroll of identify (28 gold).
  1786 | D:2      | Bought a scroll of identify for 28 gold pieces
  1876 | D:2      | Found Igumeo's General Store.
  1882 | D:2      | 1882 ||| SHOPLISTING scroll of identify (26 gold, have 16).
  2004 | D:2      | Found Acwusi's Antique Armour Shop.
  2013 | D:2      | 2013 ||| SHOPLISTING runed ring mail (147 gold, have 24).
  2096 | D:2      | Found Muappiuf's Antique Weapon Emporium.
  2137 | D:2      | 2137 ||| UPGRADING to +0 pair of boots.
  2142 | D:2      | 2142 ||| READING scroll labelled MEBE GETINN.
  2143 | D:2      | 2143 ||| READING scroll labelled ZEIRY RUEHA.
  2144 | D:2      | 2144 ||| READING scroll labelled UXTEQUKLOF.
  2145 | D:2      | 2145 ||| DRINKING 2 fuming inky potions.
  2146 | D:2      | 2146 ||| READING 2 scrolls of identify.
  2146 | D:2      | 2146 ||| IDENTIFYING cyan potion
  2361 | D:3      | 2361 ||| Stepping ~*~*~tactically~*~*~ (stealth).
  2726 | D:3      | Reached XP level 5. HP: 32/32 MP: 5/5
  2882 | D:3      | HP: 8/32 [orc priest/divine providence (11)]
  2883 | D:3      | 2883 ||| READING scroll of teleportation.
  2884 | D:3      | 2884 ||| DRINKING potion of heal wounds.
  3025 | D:3      | Reached skill level 5 in Axes
  3071 | D:3      | 3071 ||| DROPPING amulet of magic regeneration.
  3072 | D:3      | 3072 ||| UPGRADING to +4 ring of evasion.
  3073 | D:3      | 3073 ||| READING scroll labelled ZOPHITW GOEDYOGG.
  3074 | D:3      | 3074 ||| DRINKING 2 lumpy inky potions.
  3175 | D:3      | 3175 ||| READING 2 scrolls of identify.
  3175 | D:3      | 3175 ||| IDENTIFYING fizzy orange potion
  3176 | D:3      | 3176 ||| DROPPING potion of degeneration.
  3177 | D:3      | 3177 ||| DROPPING potion of ambrosia.
  3188 | D:4      | 3188 ||| Stepping ~*~*~tactically~*~*~ (hiding).
  3295 | D:4      | 3295 ||| Stepping ~*~*~tactically~*~*~ (hiding).
  3554 | D:4      | 3554 ||| Stepping ~*~*~tactically~*~*~ (stealth).
  3570 | D:4      | 3570 ||| DROPPING +0 mace.
  3618 | D:4      | Noticed a kobold brigand
  3638 | D:4      | Killed a kobold brigand
  3639 | D:4      | Reached XP level 6. HP: 11/39 MP: 6/6
  3882 | D:4      | Found a blossoming altar of Fedhas.
  3884 | D:4      | Found an ancient bone altar of Kikubaaqudgha.
  3938 | D:4      | Found a shimmering blue altar of Sif Muna.
  4093 | D:4      | Found Holoshich's Antique Weapon Emporium.
  4100 | D:4      | Reached skill level 1 in Dodging
  4100 | D:4      | 4100 ||| FLEEEEING.
  4101 | D:4      | 4101 ||| FLEEEEING.
  4102 | D:4      | 4102 ||| FLEEEEING.
  4103 | D:4      | 4103 ||| FLEEEEING.
  4104 | D:4      | 4104 ||| FLEEEEING.
  4105 | D:4      | 4105 ||| FLEEEEING.
  4106 | D:4      | 4106 ||| FLEEEEING.
  4107 | D:4      | 4107 ||| FLEEEEING.
  4108 | D:4      | 4108 ||| FLEEEEING.
  4109 | D:4      | 4109 ||| FLEEEEING.
  4110 | D:4      | 4110 ||| FLEEEEING.
  4111 | D:4      | 4111 ||| FLEEEEING.
  4112 | D:4      | 4112 ||| FLEEEEING.
  4113 | D:4      | 4113 ||| FLEEEEING.
  4114 | D:4      | 4114 ||| FLEEEEING.
  4115 | D:4      | 4115 ||| FLEEEEING.
  4116 | D:4      | 4116 ||| FLEEEEING.
  4117 | D:4      | 4117 ||| FLEEEEING.
  4118 | D:4      | 4118 ||| FLEEEEING.
  4119 | D:4      | 4119 ||| FLEEEEING.
  4120 | D:4      | 4120 ||| FLEEEEING.
  4121 | D:4      | 4121 ||| FLEEEEING.
  4122 | D:4      | 4122 ||| FLEEEEING.
  4123 | D:4      | 4123 ||| FLEEEEING.
  4124 | D:4      | 4124 ||| FLEEEEING.
  4125 | D:4      | 4125 ||| FLEEEEING.
  4126 | D:4      | 4126 ||| FLEEEEING.
  4127 | D:4      | 4127 ||| FLEEEEING.
  4128 | D:4      | 4128 ||| FLEEEEING.
  4129 | D:4      | 4129 ||| FLEEEEING.
  4130 | D:4      | 4130 ||| FLEEEEING.
  4131 | D:4      | 4131 ||| FLEEEEING.
  4132 | D:4      | 4132 ||| FLEEEEING.
  4133 | D:4      | 4133 ||| FLEEEEING.
  4134 | D:4      | 4134 ||| FLEEEEING.
  4135 | D:4      | 4135 ||| FLEEEEING.
  4136 | D:4      | 4136 ||| FLEEEEING.
  4137 | D:4      | 4137 ||| FLEEEEING.
  4138 | D:4      | 4138 ||| FLEEEEING.
  4139 | D:4      | 4139 ||| FLEEEEING.
  4140 | D:4      | 4140 ||| FLEEEEING.
  4141 | D:4      | 4141 ||| FLEEEEING.
  4143 | D:4      | HP: 5/39 [orc priest/divine providence (11)]
  4147 | D:4      | Killed from afar by an orc priest

Levels and vault maps discovered:
D:1:      wheals_arrival_shading, layout_loops_ring, minmay_ruptured
D:2:      layout_loops_ring, serial_shops, nicolae_shop_statue_plus, shop,
          nicolae_shop_stone, shop, shop, ebering_ecumenical_altar_rust,
          grunt_ministairs_6
D:3:      layout_loops_ring, minivault_19
D:4:      layout_gridville, grunt_temple_overflow_growth_and_decay,
          mainiacjoe_overflow_brackets, serial_shops,
          nicolae_shop_overgrown_old_shop, grunt_ministairs_6,
          kennysheep_generic_room_8

Skill      XL: |  1  2  3  4  5  6 |
---------------+-------------------+-----
Axes           | 2 3 4 5 |  5.1
Fighting       | 4 |  4.4
Dodging        | 1 |  1.2
Throwing       | |  0.5
Armour         | |  3.2
Shields        | |  3.2

Action                   |  1- 3 |  4- 6 || total
-------------------------+-------+-------++-------
Melee: War axe           |   152 |   143 ||   295
Throw: Boomerang         |       |    13 ||    13
  Use: Scroll            |     2 |     7 ||     9
       Potion            |       |     3 ||     3
Armor: Scale mail        |   100 |    71 ||   171
Dodge: Dodged            |    79 |    69 ||   148
Block: Buckler           |    18 |    36 ||    54

Table legend:
 A = Non-vault XP
 B = Vault XP
 C = Vault XP percentage of total XP
 D = Non-vault monster count
 E = Vault monster count
 F = Vault count percentage of total count
                 A         B        C        D         E       F
            +---------+---------+-------+---------+---------+-------
      Total |     417 |      30 |   6.7 |      78 |       8 |   9.3
            +---------+---------+-------+---------+---------+-------
        D:1 |      48 |      11 |  18.6 |      27 |       5 |  15.6
        D:2 |      32 |      17 |  34.7 |      12 |       2 |  14.3
        D:3 |     143 |       0 |   0.0 |      27 |       0 |   0.0
        D:4 |     194 |       2 |   1.0 |      12 |       1 |   7.7
            +---------+---------+-------+---------+---------+-------
